 Dungeon Crawl Stone Soup version 0.22-a0-570-g58866f5 (webtiles) character file.

4651 kae the Arsonist (level 10, -3/53 HPs)
             Began as a Tengu Fire Elementalist on June 30, 2018.
             Was a Follower of Vehumet.
             Slain by Joseph
             ... wielding a +1 quarterstaff of crushing
              (15 damage)
             ... on level 8 of the Dungeon.
             The game lasted 00:12:48 (10638 turns).

kae the Arsonist (Tengu Fire Elementalist)         Turns: 10638, Time: 00:12:49

Health: -3/53      AC:  3    Str:  8    XL:     10   Next: 43%
Magic:  6/21       EV: 14    Int: 19    God:    Vehumet [*.....]
Gold:   339        SH:  0    Dex: 15    Spells: 8/23 levels left

rFire    + . .     SeeInvis .   m - +3 halberd (chop)
rCold    x . .     Gourm    .   (shield currently unavailable)
rNeg     + . .     Faith    .   a - +1 robe
rPois    .         Spirit   .   (helmet restricted)
rElec    .         Reflect  .   (no cloak)
rCorr    .         Harm     .   (no gloves)
MR       .....                  (boots unavailable)
Stlth    ++........             (no amulet)
HPRegen  0.17/turn              d - ring of fire
MPRegen  0.17/turn              q - ring of positive energy

@: no status effects
A: beak, talons 3, able to fly 1
a: Fly, Renounce Religion


You were on level 8 of the Dungeon.
You worshipped Vehumet.
Vehumet was aware of your devotion.
You were not hungry.

You visited 2 branches of the dungeon, and saw 9 of its levels.

You collected 339 gold pieces.

Inventory:

Hand Weapons
 m - a +3 halberd of chopping (weapon)
Armour
 a - a +1 robe (worn)
Magical Staves
 f - an uncursed staff of air
Jewellery
 d - a ring of fire (left hand)
 n - an uncursed ring of resist corrosion
 q - a ring of positive energy (right hand)
Wands
 b - a wand of paralysis (7)
 g - a wand of disintegration (13)
Scrolls
 e - 8 scrolls of remove curse
 h - 3 scrolls of teleportation
 k - 4 scrolls of enchant armour
 o - 4 scrolls of identify
 p - a scroll of magic mapping
 s - a scroll of amnesia
 t - 2 scrolls of noise
 w - a scroll of enchant weapon
 y - a scroll of blinking
Potions
 j - 2 potions of curing
 l - a potion of might
 v - a potion of flight
Comestibles
 c - 14 rations
 i - a chunk of flesh


   Skills:
 + Level 2.1 Fighting
 + Level 2.4 Armour
 * Level 4.4 Dodging
 - Level 2.0 Stealth
 - Level 7.0 Spellcasting
 - Level 9.2 Conjurations
 - Level 11.1 Fire Magic


You had 8 spell levels left.
You knew the following spells:

 Your Spells              Type           Power        Failure   Level  Hunger
a - Flame Tongue          Conj/Fire      #####        1%          1    None
b - Throw Flame           Conj/Fire      ######       1%          2    None
c - Conjure Flame         Conj/Fire      ######..     1%          3    #......
d - Sticky Flame          Conj/Fire      ######..     1%          4    ###....
e - Fireball              Conj/Fire      ######....   4%          5    #####..

Your spell library contained the following spells:

 Spells                   Type           Power        Failure   Level  Hunger
 Magic Dart               Conj           ####         1%          1    None
 Slow                     Hex            #.......     16%         2    None
 Mephitic Cloud           Conj/Pois/Air  ###.....     9%          3    #......
 Venom Bolt               Conj/Pois      ###.......   38%         5    #####..
 Olgreb's Toxic Radiance  Pois           #.......     69%         4    ###....
 Summon Small Mammal      Summ           #...         10%         1    None
 Blink                    Tloc           N/A          16%         2    None
 Summon Ice Beast         Ice/Summ       #.......     69%         4    ###....
 Call Imp                 Summ           #.......     16%         2    None
 Sting                    Conj/Pois      ###.         1%          1    None
 Call Canine Familiar     Summ           #.......     30%         3    #......
 Inner Flame              Hex/Fire       #####...     3%          3    #......
 Summon Lightning Spire   Summ/Air       #.......     69%         4    ###....
 Summon Guardian Golem    Hex/Summ       #.......     30%         3    #......
 Poisonous Vapours        Pois/Air       #.....       16%         2    None


Dungeon Overview and Level Annotations

Branches:
Dungeon (8/15)             Temple (1/1) D:5
   Lair: D:8-11

Altars:
Ashenzari
Cheibriados
Dithmenos
Elyvilon
Fedhas
Gozag
Hepliaklqana
Kikubaaqudgha
Makhleb
Nemelex Xobeh
Okawaru
Qazlal
Ru
Sif Muna
Trog
Uskayaw
Vehumet
Wu Jian
Xom
Zin
The Shining One

Shops:
D:6 [

Annotations:
D:3 Sigmund
D:8 Joseph, Psyche


Innate Abilities, Weirdness & Mutations

You have a beak for a mouth.
You have claws for feet.
You can fly.


Message History

Confirm with . or Enter, or press ? or * to list all spells.
Aiming: Sticky Flame (safe; 1% risk of failure)
Press: ? - help, Shift-Dir - straight line, f - Joseph
Aim: Joseph, wielding a quarterstaff of crushing and wearing a ring mail (lightly wounded)
You feel a surge of power!
The sticky flame hits Joseph.
Joseph is lightly wounded.
Joseph is covered in liquid flames!
Joseph burns!
Joseph closely misses you.
You puncture Joseph! You claw Joseph, but do no damage.
Joseph is heavily wounded.
Joseph burns! x2
Joseph hits you with an uncursed quarterstaff of crushing!
* * * LOW HITPOINT WARNING * * *
x2 Joseph misses you.
You feel better.
Joseph burns!
Joseph stops burning.
Joseph says, "It's nothing personal, but I have to kill you."
Joseph hits you with an uncursed quarterstaff of crushing!
* * * LOW HITPOINT WARNING * * *
x2 You feel better.
Joseph hits you with an uncursed quarterstaff of crushing!
You die...

#.. h.# #.##"g #..$.
#.# #... ...# #..#
#..# # #..##. #.. ..
####..###)#####.##..
#=(@....$........@
#.##@.###.......#
#.##..# ###<.#
#.##..########..###.#
#.##.((.)............
#.##).########..#####
#(#)..###.......#
#.#<............#####
#@#.#####.#####......
#.#.# #.# #..####


You could see Joseph.

Vanquished Creatures
  2 two-headed ogres
  Pikel (D:7)
  The ghost of Deathmic the Destroyer, a novice DECj of Vehumet (D:6)
  Grum (D:8)
  A steam dragon (D:8)
  A hungry ghost (D:7)
  An ice beast (D:3)
  4 slaves (D:7)
  2 ogres
  3 wolves (D:8)
  A centaur (D:6)
  3 bullfrogs
  A wyvern zombie (D:6)
  A scorpion (D:4)
  3 wights
  A howler monkey (D:7)
  2 crimson imps
  4 hounds
  A quasit (D:6)
  2 jellies
  A centaur skeleton (D:4)
  3 orc priests
  A bullfrog zombie (D:5)
  A bullfrog skeleton (D:8)
  8 orc wizards
  3 iguanas
  6 worker ants
  A hound skeleton (D:7)
  7 gnolls
  11 adders
  2 shadow imps
  2 oozes
  An adder skeleton (D:4)
  A worm (D:2)
  A dart slug (D:1)
  6 leopard geckos
  19 orcs
  2 ball pythons
  4 giant cockroaches
  2 goblins
  10 hobgoblins
  7 jackals
  9 quokkas
  6 bats
  A frilled lizard (D:2)
  A jackal zombie (D:5)
  7 kobolds
  6 rats
165 creatures vanquished.

Vanquished Creatures (others)
  An orc (D:7)
  A quokka (D:7)
2 creatures vanquished.

Grand Total: 167 creatures vanquished

Notes
Turn   | Place    | Note
-------+----------+-------------------------------------------
     0 | D:1      | kae the Tengu Fire Elementalist began the quest for the Orb.
     0 | D:1      | Reached XP level 1. HP: 10/10 MP: 4/4
   241 | D:1      | You fall through a shaft!
   276 | D:1      | Reached XP level 2. HP: 15/15 MP: 1/6
   280 | D:1      | Learned a level 2 spell: Throw Flame
  1106 | D:2      | Reached skill level 4 in Fire Magic
  1106 | D:2      | Reached XP level 3. HP: 18/19 MP: 4/7
  1479 | D:2      | Learned a level 3 spell: Conjure Flame
  1754 | D:2      | Reached XP level 4. HP: 24/24 MP: 1/8
  2173 | D:3      | Noticed an ice beast
  2194 | D:3      | Killed an ice beast
  2194 | D:3      | Reached skill level 5 in Fire Magic
  2194 | D:3      | Gained mutation: You can fly. [Tengu growth]
  2194 | D:3      | Reached XP level 5. HP: 28/28 MP: 1/10
  2443 | D:3      | Reached XP level 6. HP: 32/32 MP: 8/11
  3240 | D:3      | Noticed Sigmund
  3633 | D:4      | Found a hazy altar of Hepliaklqana.
  3634 | D:4      | Found a stormy altar of Qazlal.
  3636 | D:4      | Found an ornate altar of the Wu Jian Council.
  3638 | D:4      | Found a deep blue altar of Sif Muna.
  3638 | D:4      | Found a hide-covered altar of Uskayaw.
  3689 | D:4      | Reached skill level 6 in Fire Magic
  4081 | D:4      | Reached XP level 7. HP: 36/36 MP: 5/13
  4084 | D:4      | Reached skill level 5 in Conjurations
  4362 | D:4      | Reached skill level 7 in Fire Magic
  5034 | D:4      | Reached XP level 8. HP: 41/41 MP: 7/15
  5450 | D:5      | Entered Level 5 of the Dungeon
  5479 | D:5      | Noticed a two-headed ogre
  5488 | D:5      | Killed a two-headed ogre
  5488 | D:5      | Reached skill level 5 in Spellcasting
  5488 | D:5      | Reached skill level 9 in Fire Magic
  5743 | D:5      | Learned a level 4 spell: Sticky Flame
  5749 | D:5      | Learned a level 5 spell: Fireball
  6031 | D:5      | Found a glowing golden altar of the Shining One.
  6033 | D:5      | Found an ancient bone altar of Kikubaaqudgha.
  6033 | D:5      | Found a hide-covered altar of Uskayaw.
  6035 | D:5      | Found a shimmering altar of Xom.
  6035 | D:5      | Found an ornate altar of the Wu Jian Council.
  6035 | D:5      | Found a shadowy altar of Dithmenos.
  6204 | D:5      | Reached XP level 9. HP: 45/45 MP: 18/18
  6276 | D:5      | Found a staircase to the Ecumenical Temple.
  6416 | Temple   | Entered the Ecumenical Temple
  6460 | Temple   | Became a worshipper of Vehumet
  6860 | D:6      | Found a shadowy altar of Dithmenos.
  7388 | D:6      | Found Xadeh's Antique Armour Shoppe.
  7650 | D:6      | Found a runed door.
  7655 | D:6      | Noticed Deathmic's ghost (novice DECj)
  7741 | D:6      | Reached skill level 10 in Fire Magic
  8432 | D:7      | Noticed Pikel
  8474 | D:7      | Killed Pikel
  8653 | D:7      | Found a white marble altar of Elyvilon.
  9357 | D:6      | Killed Deathmic's ghost
  9357 | D:6      | Reached skill level 11 in Fire Magic
  9357 | D:6      | Reached XP level 10. HP: 50/50 MP: 7/20
  9466 | D:6      | Found a shadowy altar of Dithmenos.
  9665 | D:6      | Found Xadeh's Antique Armour Shoppe.
  9922 | D:8      | Noticed Joseph
 10155 | D:8      | Reached skill level 1 in Armour
 10166 | D:8      | Noticed Grum
 10190 | D:8      | Killed Grum
 10190 | D:8      | Reached skill level 1 in Fighting
 10329 | D:8      | Reached * piety under Vehumet
 10329 | D:8      | Offered knowledge of Shock by Vehumet.
 10478 | D:8      | Noticed Psyche
 10604 | D:8      | Noticed a two-headed ogre
 10618 | D:8      | Killed a two-headed ogre
 10638 | D:8      | Slain by Joseph

Vault maps used:
D:1:      dpeg_arrival_chase
D:3:      gup_sewer_entry_spiral, uniq_sigmund
D:4:      kb_forest_paths, grunt_temple_overflow_open, first_ration,
          kennysheep_generic_room_2
D:5:      temple_hall, doesnt_xom_only_xom
D:6:      overflow_temple_1_default, serial_shops, shop_fountains,
          ebering_ghost_sewer_d
D:7:      elyvilon_altar_4, uniq_pikel
D:8:      old_standard_altar, minmay_three_doors, uniq_psyche, uniq_grum,
          uniq_joseph
Temple:   eino_wide_crystal_templ

Skill      XL: |  1  2  3  4  5  6  7  8  9 10 |
---------------+-------------------------------+-----
Conjurations   | 2 3 4 5 7 9 |  9.2
Fire Magic     | 4 5 6 7 9 11 | 11.1
Spellcasting   | 3 4 5 6 7 |  7.0
Armour         | 2 |  2.4
Fighting       | 2 |  2.1
Dodging        | 4 |  4.4
Stealth        | |  2.0

Action                   |  1- 3 |  4- 6 |  7- 9 | 10-12 || total
-------------------------+-------+-------+-------+-------++-------
Melee: Unarmed           |    15 |       |       |       ||    15
       Kick              |     3 |     6 |     5 |     2 ||    16
       Peck              |     1 |     5 |     7 |       ||    13
       Halberd           |       |    48 |    91 |     6 ||   145
 Cast: Flame Tongue      |    56 |    47 |   177 |    35 ||   315
       Conjure Flame     |     2 |     6 |    12 |     1 ||    21
       Throw Flame       |       |    10 |    32 |    19 ||    61
       Sticky Flame      |       |       |     5 |     4 ||     9
 Abil: Fly               |       |       |     1 |       ||     1
Evoke: Wand              |     2 |       |       |       ||     2
  Use: Scroll            |     4 |     6 |     1 |     2 ||    13
       Potion            |       |     4 |     1 |     5 ||    10
 Stab: Paralysed         |     5 |       |       |       ||     5
       Sleeping          |       |     1 |     5 |       ||     6
       Distracted        |       |       |     1 |       ||     1
  Eat: Chunk             |     2 |     8 |    12 |     2 ||    24
       Ration            |       |       |     2 |     1 ||     3
Armor: Robe              |    10 |    16 |    20 |     4 ||    50
Dodge: Dodged            |    19 |    44 |   103 |    20 ||   186

Table legend:
 A = Spawn XP
 B = Non-spawn XP
 C = Spawn XP percentage of total XP
 D = Spawn monster count
 E = Non-spawn monster count
 F = Spawn count percentage of total count
 G = Total turns spent on level
                    A         B        C        D         E        F      G
               +---------+---------+-------+---------+---------+-------+---------
         Total |       0 |    6645 |   0.0 |       0 |     161 |   0.0 | 10638
               +---------+---------+-------+---------+---------+-------+---------
           D:1 |       0 |      19 |   0.0 |       0 |      11 |   0.0 |   951
           D:2 |       0 |     165 |   0.0 |       0 |      26 |   0.0 |  1519
           D:3 |       0 |     244 |   0.0 |       0 |      19 |   0.0 |  1086
           D:4 |       0 |     890 |   0.0 |       0 |      34 |   0.0 |  1894
           D:5 |       0 |    1171 |   0.0 |       0 |      14 |   0.0 |  1208
           D:6 |       0 |    1238 |   0.0 |       0 |      23 |   0.0 |  1750
           D:7 |       0 |    1130 |   0.0 |       0 |      16 |   0.0 |  1612
           D:8 |       0 |    1788 |   0.0 |       0 |      18 |   0.0 |   564
               +---------+---------+-------+---------+---------+-------+---------
